 Dungeon Crawl Stone Soup version 0.28.0-45-g0d030f2227 (webtiles) character file.

Game seed: 12601179061477517958

12 101zpm the Shield-Bearer (level 2, -2/19 HPs)
             Began as a Gargoyle Fighter on Apr 10, 2022.
             Slain by a kobold
             ... wielding a +0 club
              (3 damage)
             ... on level 1 of the Dungeon.
             The game lasted 00:01:37 (965 turns).

101zpm the Shield-Bearer (Gargoyle Fighter)          Turns: 965, Time: 00:01:38

Health: -2/19      AC:  9    Str: 19    XL:     2   Next: 33%
Magic:  2/2        EV:  9    Int:  8    God:
Gold:   49         SH:  4    Dex:  9    Spells: 1/1 levels left

rFire   . . .      SeeInvis .   a - +0 flail
rCold   . . .      Faith    .   c - +0 buckler
rNeg    + . .      Spirit   .   b - +0 scale mail
rPois   ∞          Reflect  .   (no helmet)
rElec   +          Harm     .   (no cloak)
rCorr   .          Rampage  .   (no gloves)
Will    .....                   (no boots)
Stlth   ..........              (no amulet)
HPRegen 0.06/turn               (no ring)
MPRegen 0.08/turn               (no ring)

@: no status effects
A: sickness immunity, AC +2, negative energy resistance 1, electricity
resistance, torment resistance 1, petrification resistance
a: no special abilities


You were on level 1 of the Dungeon.
You visited 1 branch of the dungeon, and saw 2 of its levels.

You collected 49 gold pieces.

Inventory:

Hand Weapons
 a - a +0 flail (weapon)
Armour
 b - a +0 scale mail (worn)
 c - a +0 buckler (worn)
Scrolls
 e - a scroll of magic mapping {unknown}
 f - a scroll of enchant weapon {unknown}
 g - a scroll of blinking {unknown}
Potions
 d - a potion of might


   Skills:
 + Level 3.5 Fighting
 + Level 2.0 Maces & Flails
 + Level 3.4 Armour
 + Level 3.6 Shields


You had one spell level left.
You didn't know any spells.
Your spell library was empty.

Dungeon Overview and Level Annotations

Branches:
Dungeon (2/15)

Altars:


Innate Abilities, Weirdness & Mutations

You are immune to sickness and miasma.
Your stone body is resilient. (AC +2)
You are immune to poison.
You resist negative energy. (rN+)
You are resistant to electric shocks. (rElec)
You are resistant to unholy torment.
You are immune to petrification.


Message History

A kobold is nearby!
A ball python comes into view.
The ball python hisses angrily.
A kobold comes into view. It is wielding a +0 club.
The kobold shouts!
The kobold throws a stone.
The stone hits you.
You hit the kobold but do no damage.
A ball python comes into view.
The ball python barely misses you. You block the ball python's attack.
The kobold hits you with a +0 whip.
You closely miss the kobold. The ball python closely misses you.
The ball python grabs you. The ball python constricts you.
The kobold hits you but does no damage. The ball python bites you.
The ball python constricts you.
You escape the ball python's grasp.
The kobold throws a stone.
The stone hits you but does no damage.
The kobold throws a stone.
The stone closely misses you.
There is a stone staircase leading up here.
The kobold throws a stone.
The stone closely misses you. You block the ball python's attack.
The ball python grabs you.
You stop ascending the stairs.
The ball python constricts you.
You escape the ball python's grasp.
The kobold throws a stone.
The stone hits you. You block the kobold's attack.
You climb upwards.
There is a stone staircase leading down here.
You are too injured to fight recklessly!
The ball python bites you but does no damage.
The ball python closely misses you.
The kobold throws a stone.
The stone hits you but does no damage.
The kobold throws a stone.
The stone hits you but does no damage.
You barely miss the kobold. The kobold hits you but does no damage.
You closely miss the kobold. The kobold hits you with a +0 club.
You block the kobold's attack.
You closely miss the kobold. The kobold hits you with a +0 club.
* * * LOW HITPOINT WARNING * * *
You closely miss the kobold. The kobold hits you with a +0 club.
* * * LOW HITPOINT WARNING * * *
You hit the kobold but do no damage. The kobold hits you but does no damage.
The kobold hits you with a +0 club.
You die...

####.##.# #....##.#
#.#####.# ####.# #.#
.....# ###.#### .....#
#......# .....# #......#
.....# #.)....##########
.....# #......SK@......#
.....###.......#######.#
...............># #.#
..##.###...###..# #.#
..##.###...#.#..# #.#
+###............# #.#
......#...(#....# #.#
..#.............# #.#
..#.#......#....######.#


You could see a ball python and a kobold.

Vanquished Creatures
  A ball python (D:1)
  2 endoplasms (D:1)
  2 goblins (D:1)
  2 hobgoblins (D:1)
  A quokka (D:1)
  A bat (D:1)
  A kobold (D:1)
10 creatures vanquished.

Notes
Turn   | Place    | Note
-------+----------+-------------------------------------------
     0 | D:1      | 101zpm the Gargoyle Fighter began the quest for the Orb.
     0 | D:1      | Reached XP level 1. HP: 14/14 MP: 1/1
   140 | D:1      | Reached XP level 2. HP: 19/19 MP: 2/2
   965 | D:1      | Slain by a kobold

Illustrated notes

Levels and vault maps discovered:
D:1:      giann_forest_graveyard, layout_basic, minmay_hexomino_f4
D:2:      cheibrodos_fertilizer, layout_rooms

Action                   || total
-------------------------++-------
Melee: Flail             ||    48
Armor: Scale mail        ||    34
Dodge: Dodged            ||    18
Block: Buckler           ||    15
